 Dungeon Crawl Stone Soup version 0.22.1-2-g9c5b331 (webtiles) character file.

5131 teukkam the Fighter (level 10, -2/93 HPs)
             Began as a Minotaur Fighter on Dec 10, 2018.
             Was a Priest of Wu Jian.
             Slain by a cyan ugly thing (12 damage)
             ... on level 9 of the Dungeon on Dec 17, 2018.
             The game lasted 00:32:02 (8446 turns).

teukkam the Fighter (Minotaur Fighter)              Turns: 8446, Time: 00:32:07

Health: -2/93      AC: 13    Str: 23    XL:     10   Next: 33%
Magic:  0/9        EV:  7    Int:  5    God:    Wu Jian [***...]
Gold:   442        SH: 11    Dex: 11    Spells: 9/9 levels left

rFire    . . .     SeeInvis .   a - +1 war axe
rCold    . . .     Gourm    +   N - +0 shield
rNeg     . . .     Faith    .   I - -2 chain mail (curse)
rPois    +         Spirit   +   (helmet restricted)
rElec    .         Reflect  .   F - scarf {Spirit}
rCorr    .         Harm     .   K - +2 pair of gloves
MR       .....                  (no boots)
Stlth    ..........             y - amulet of the gourmand
HPRegen  0.25/turn              e - +2 ring of slaying
MPRegen  0.11/turn              n - ring of poison resistance

@: no status effects
A: retaliatory headbutt, horns 2
a: Wall Jump, Serpent's Lash, Renounce Religion


You were on level 9 of the Dungeon.
You worshipped Wu Jian.
Wu Jian was most pleased with you.
You were full.

You visited 3 branches of the dungeon, and saw 12 of its levels.

You collected 442 gold pieces.

Inventory:

Hand Weapons
 a - a +1 war axe (weapon)
 b - a +0 hunting sling
 c - a +0 eveningstar
Missiles
 d - 10 curare-tipped needles
 k - 223 stones (quivered)
 m - a throwing net
 B - 79 arrows
 C - 36 poisoned needles
Armour
 r - a +0 scale mail
 F - a scarf of spirit shield (worn)
 I - a cursed -2 chain mail (worn)
 K - a +2 pair of gloves (worn)
 N - a +0 shield (worn)
Jewellery
 e - a +2 ring of slaying (left hand)
 g - a +5 ring of protection
 n - a ring of poison resistance (right hand)
 y - an amulet of the gourmand (around neck)
Wands
 w - a wand of iceblast (5)
 H - a wand of scattershot (7)
 J - a wand of flame (27)
 M - a wand of random effects (27)
Scrolls
 h - 2 scrolls of fear
 j - 9 scrolls of identify
 l - 6 scrolls of teleportation
 t - a scroll of enchant weapon
 x - a scroll of amnesia
 L - a scroll of fog
Potions
 i - a potion of brilliance {unknown}
 o - 3 potions of agility
 p - 2 potions of berserk rage {unknown}
 q - 3 potions of ambrosia {unknown}
 s - 2 potions of lignification
 u - a potion of mutation {unknown}
 v - 2 potions of might
 z - 2 potions of flight {unknown}
 A - 4 potions of degeneration {unknown}
 D - a potion of heal wounds {unknown}
 E - 2 potions of curing
 G - 2 potions of haste {unknown}
Comestibles
 f - 22 rations


   Skills:
 - Level 10.1 Fighting
 - Level 9.6(9.8) Axes
 + Level 2.1(6.4) Maces & Flails
 - Level 10.1 Armour
 - Level 9.0 Shields


You had 9 spell levels left.
You didn't know any spells.
Your spell library contained the following spells:

 Spells                   Type           Power        Failure   Level  Hunger
 Confusing Touch          Hex            #.....       100%        1    ##.....
 Freeze                   Ice            #...         100%        1    ##.....
 Summon Small Mammal      Summ           #...         100%        1    ##.....
 Call Imp                 Summ           #.......     100%        2    ###....
 Throw Frost              Conj/Ice       #.....       100%        2    ###....
 Call Canine Familiar     Summ           #.......     100%        3    ####...
 Confuse                  Hex            #.......     100%        3    ####...
 Gell's Gravitas          Tloc           #.........   100%        3    ####...
 Ozocubu's Armour         Chrm/Ice       #.......     100%        3    ####...
 Summon Guardian Golem    Hex/Summ       #.......     100%        3    ####...
 Petrify                  Tmut/Erth      #.......     100%        4    #####..
 Summon Ice Beast         Ice/Summ       #.......     100%        4    #####..
 Summon Lightning Spire   Summ/Air       #.......     100%        4    #####..
 Throw Icicle             Conj/Ice       #.......     100%        4    #####..
 Metabolic Englaciation   Hex/Ice        #.........   100%        5    ######.
 Yara's Violent Unravell  Hex/Tmut       #.........   100%        5    ######.


Dungeon Overview and Level Annotations

Branches:
Dungeon (10/15)            Temple (1/1) D:5            Lair (1/6) D:10
    Orc: D:9-12

Altars:
Ashenzari
Cheibriados
Dithmenos
Elyvilon
Fedhas
Gozag
Hepliaklqana
Kikubaaqudgha
Makhleb
Nemelex Xobeh
Okawaru
Qazlal
Ru
Sif Muna
Trog
Uskayaw
Vehumet
Wu Jian
Xom
Yredelemnul
Zin
The Shining One


Innate Abilities, Weirdness & Mutations

You reflexively headbutt those who attack you in melee.
You have a pair of horns on your head.


Message History

The cyan ugly thing headbutts you! The cyan ugly thing shocks you!
* * * LOW HITPOINT WARNING * * *
You block the cyan ugly thing's attack.
You spin and attack the cyan ugly thing.
You hit the cyan ugly thing but do no damage.
You headbutt the cyan ugly thing, but do no damage.
The cyan ugly thing is almost dead.
The cyan ugly thing headbutts you but does no damage.
You spin and attack the cyan ugly thing.
You closely miss the cyan ugly thing.
The cyan ugly thing is almost dead.
The cyan ugly thing headbutts you.
* * * LOW HITPOINT WARNING * * *
The cyan ugly thing shocks you!
* * * LOW HITPOINT WARNING * * *
Okay, then.
You feel better. The cyan ugly thing headbutts you.
* * * LOW HITPOINT WARNING * * *
The cyan ugly thing shocks you!
You die...

#.###'########...........##
#.##.......................
#..'..........##########.).
####..........# #...
#..........##########...
#..........##......##...
#..........##......##...
#..........##......#....
#......@...##......#....
#......u...##......#....
######..........##......#####
#...............##......#
#...........######......#
#...........# #...>..#
#...........########...######
#...........'......†...'.....
#...........########...##....


You could see a cyan ugly thing.

Vanquished Creatures
  Harold (D:7)
  A hippogriff (D:7)
  Sigmund (D:4)
  A yak (D:10)
  2 wyverns
  A hungry ghost (D:9)
  Duvessa (D:6)
  2 porcupines (D:10)
  An ice beast (D:7)
  2 orc warriors (D:10)
  3 ogres
  3 centaurs
  2 crocodiles (Lair:1)
  Blork the orc (D:5)
  A big kobold (D:8)
  A wyvern zombie (D:7)
  5 bullfrogs
  Dowan (D:6)
  6 scorpions
  14 killer bees
  2 crimson imps
  2 centaur zombies
  2 jellies
  2 hounds
  2 bullfrog zombies
  An orc priest (D:6)
  3 bullfrog skeletons
  2 centaur skeletons
  An iguana (D:5)
  2 orc wizards (D:6)
  2 worker ants (D:4)
  A hound skeleton (D:9)
  4 worker ant zombies
  A howler monkey skeleton (D:7)
  5 adders
  An adder skeleton (D:9)
  2 adder zombies
  5 worms
  A dart slug (D:3)
  4 leopard geckos
  11 orcs
  A ball python (D:4)
  2 giant cockroaches
  7 hobgoblins
  11 jackals
  6 kobolds (D:1)
  6 quokkas
  8 bats
  3 frilled lizards
  7 goblins
  A jackal skeleton (D:6)
  2 quokka skeletons
  A quokka zombie (D:8)
  8 rats
169 creatures vanquished.

Notes
Turn   | Place    | Note
-------+----------+-------------------------------------------
     0 | D:1      | teukkam the Minotaur Fighter began the quest for the Orb.
     0 | D:1      | Reached XP level 1. HP: 19/19 MP: 0/0
     1 | D:1      | Noticed a minotaur zombie
     8 | D:1      | Noticed a minotaur zombie
    14 | D:1      | Noticed a merfolk zombie
    18 | D:1      | Noticed a merfolk zombie
   221 | D:2      | Reached XP level 2. HP: 27/27 MP: 1/1
   502 | D:4      | Reached XP level 3. HP: 33/33 MP: 2/2
   506 | D:4      | Reached XP level 4. HP: 41/41 MP: 3/3
   565 | D:4      | Noticed Sigmund
   582 | D:4      | Killed Sigmund
   582 | D:4      | Reached skill level 5 in Fighting
   582 | D:4      | Reached skill level 5 in Armour
   582 | D:4      | Reached skill level 5 in Shields
   582 | D:4      | Reached XP level 5. HP: 26/48 MP: 4/4
   582 | D:4      | Reached XP level 6. HP: 30/56 MP: 5/5
   592 | D:5      | Entered Level 5 of the Dungeon
   993 | D:5      | Found a staircase to the Ecumenical Temple.
  1000 | Temple   | Entered the Ecumenical Temple
  1055 | Temple   | Became a worshipper of the Wu Jian Council
  1069 | D:5      | Noticed Blork the orc
  1075 | D:5      | Killed Blork the orc
  1516 | D:3      | Found an iron altar of Okawaru.
  2070 | D:1      | Reached XP level 7. HP: 61/62 MP: 6/6
  2073 | D:1      | Reached * piety under Wu Jian
  3233 | D:4      | Reached skill level 5 in Axes
  3666 | D:5      | Found a deep blue altar of Sif Muna.
  4001 | D:6      | Reached XP level 8. HP: 47/71 MP: 7/7
  4220 | D:6      | Noticed Duvessa
  4220 | D:6      | Noticed Dowan
  4230 | D:6      | Killed Duvessa
  4231 | D:6      | Killed Dowan
  4863 | D:7      | Noticed a dagger
  4865 | D:7      | Noticed an enchanted hand axe
  4873 | D:7      | Found a hide-covered altar of Uskayaw.
  5180 | D:7      | Found a stormy altar of Qazlal.
  5285 | D:7      | Noticed Harold
  5295 | D:7      | Killed Harold
  5295 | D:7      | Reached ** piety under Wu Jian
  5295 | D:7      | Reached XP level 9. HP: 57/81 MP: 6/8
  5994 | D:8      | You fall through a shaft!
  6761 | D:8      | Found a shimmering altar of Xom.
  6762 | D:8      | Found an ancient bone altar of Kikubaaqudgha.
  6762 | D:8      | Found a sacrificial altar of Ru.
  6762 | D:8      | Found a hazy altar of Hepliaklqana.
  7262 | D:9      | Reached XP level 10. HP: 86/92 MP: 7/9
  7325 | D:9      | Noticed a cyan ugly thing
  7345 | D:9      | HP: 5/138 [cyan ugly thing (17)]
  7790 | D:10     | Entered Level 10 of the Dungeon
  7971 | D:10     | Found a staircase to the Lair.
  7973 | D:10     | Reached skill level 10 in Fighting
  8005 | Lair:1   | Entered Level 1 of the Lair of Beasts
  8029 | Lair:1   | Reached skill level 10 in Armour
  8385 | D:9      | Reached skill level 1 in Maces & Flails
  8388 | D:9      | Reached *** piety under Wu Jian
  8443 | D:9      | HP: 4/93 [cyan ugly thing (16)]
  8446 | D:9      | Slain by a cyan ugly thing

Skill      XL: |  1  2  3  4  5  6  7  8  9 10 |
---------------+-------------------------------+-----
Fighting       | 4 5 6 8 9 10 | 10.1
Armour         | 4 5 6 8 9 10 | 10.1
Shields        | 4 5 6 8 9 |  9.0
Axes           | 3 4 5 7 9 |  9.6
Maces & Flails | 2 |  2.1

Action                   |  1- 3 |  4- 6 |  7- 9 | 10-12 || total
-------------------------+-------+-------+-------+-------++-------
Melee: War axe           |    32 |    89 |   259 |    92 ||   472
       Headbutt          |     6 |    14 |    47 |    20 ||    87
 Fire: Hunting sling     |       |     8 |    69 |    16 ||    93
Invok: Lunge             |       |     6 |    17 |     5 ||    28
       Whirlwind         |       |       |   125 |    26 ||   151
       Wall Jump         |       |       |    17 |    10 ||    27
Evoke: Wand              |       |       |     1 |     1 ||     2
  Use: Potion            |       |     5 |       |     2 ||     7
       Scroll            |       |     4 |     7 |     3 ||    14
 Stab: Invisible         |       |     1 |       |       ||     1
  Eat: Ration            |       |     1 |       |       ||     1
       Chunk             |       |       |    27 |     7 ||    34
Armor: Scale mail        |    13 |    30 |    47 |       ||    90
       Chain mail        |       |       |    52 |    25 ||    77
Dodge: Dodged            |     5 |    28 |    65 |    19 ||   117
Block: Shield            |    13 |    43 |   124 |    40 ||   220
